 Dungeon Crawl Stone Soup version 0.28-a0-43-g560ac104fe (webtiles) character file.

Game seed: 13415231119730710226

2999 Sobieck the Thaumaturge (level 9, -1/45 HPs)
             Began as a Deep Elf Conjurer on July 28, 2021.
             Was an Initiate of Vehumet.
             Slain by a hornet (11 damage)
             ... on level 7 of the Dungeon.
             The game lasted 00:13:48 (7634 turns).

Sobieck the Thaumaturge (Deep Elf Conjurer)         Turns: 7634, Time: 00:13:48

Health: -1/45      AC:  5    Str:  4    XL:     9   Next: 54%
Magic:  18/25      EV: 12    Int: 27    God:    Vehumet [......]
Gold:   442        SH:  0    Dex: 13    Spells: 17/28 levels left

rFire   . . .      SeeInvis .   g - +4 dagger (flame) {short}
rCold   . . .      Faith    .   (no shield)
rNeg    . . .      Spirit   .   a - +0 robe
rPois   .          Reflect  .   (no helmet)
rElec   .          Harm     .   (no cloak)
rCorr   .          Rampage  .   o - +2 pair of gloves
Will    +....                   (no boots)
Stlth   ++........              (no amulet)
HPRegen 0.15/turn               m - ring of willpower
MPRegen 0.19/turn               (no ring)

@: lethally poisoned (-1 -> -10), slowed, very slow
A: no striking features
a: Renounce Religion


You were on level 7 of the Dungeon.
You worshipped Vehumet.
Vehumet was noncommittal.
You visited 1 branch of the dungeon, and saw 7 of its levels.

You collected 442 gold pieces.


   Skills:
 - Level 2.4 Dodging
 - Level 2.4 Stealth
 + Level 1.7 Shields
 - Level 10.0 Spellcasting
 + Level 9.5 Conjurations
 + Level 9.1 Hexes
 - Level 3.0 Translocations


You had 17 spell levels left.
You knew the following spells:

 Your Spells              Type           Power      Damage    Failure   Level
a - Magic Dart            Conj           100%       1d8       1%          1
b - Searing Ray           Conj           100%       3d7       1%          2
c - Fulminant Prism       Conj/Hex       29%        3d14      1%          4
e - Iskenderun's Mystic   Conj/Tloc      47%        2d10      3%          4

Your spell library contained the following spells:

 Spells                   Type           Power      Damage    Failure   Level
 Slow                     Hex            58%        N/A       1%          2
 Confusing Touch          Hex            58%        N/A       1%          3
 Dazzling Flash           Conj/Hex       100%       N/A       1%          3
 Portal Projectile        Hex/Tloc       92%        N/A       1%          3
 Passwall                 Tmut/Erth      10%        N/A       6%          2
 Swiftness                Air            13%        N/A       13%         3
 Vampiric Draining        Necr           6%         2d6       13%         3
 Invisibility             Hex            29%        N/A       16%         6
 Blade Hands              Tmut           6%         N/A       75%         5
 Excruciating Wounds      Necr           6%         N/A       75%         5

Inventory:

Hand Weapons
 b - a +0 club {mace}
   (You took it off a goblin on level 1 of the Dungeon)
 d - a +0 dagger {short}
   (You took it off a kobold on level 1 of the Dungeon)
 g - a +4 dagger of flaming (weapon) {short}
   (You found it on level 1 of the Dungeon)
Missiles
 e - 72 stones {throwing}
 j - 73 sling bullets
 p - 56 arrows
 s - 36 poisoned darts {throwing}
 t - a throwing net {=f!fthrowing}
 u - 34 bolts
Armour
 a - a +0 robe (worn)
 o - a +2 pair of gloves (worn)
   (You found it on level 4 of the Dungeon)
 A - a +0 buckler
   (You found it on level 6 of the Dungeon)
Magical Staves
 i - a staff of poison {!astaff}
   (You found it on level 4 of the Dungeon)
Jewellery
 m - a ring of willpower (left hand)
   (You found it on level 2 of the Dungeon)
Wands
 f - a wand of flame (45)
   (You found it on level 6 of the Dungeon)
 q - a wand of polymorph (7)
   (You found it on level 3 of the Dungeon)
 y - a wand of iceblast (8)
   (You found it on level 6 of the Dungeon)
Scrolls
 h - a scroll of amnesia
 w - a scroll of immolation {unknown}
 x - a scroll of fear
 D - a scroll of blinking {unknown}
Potions
 c - a potion of degeneration {!q@e2}
 k - 2 potions of might
 l - 3 potions of flight
 n - 2 potions of ambrosia
 r - 2 potions of curing {unknown}
 v - a potion of mutation {unknown}
 z - a potion of lignification {unknown}
 B - a potion of haste {unknown}
 C - 2 potions of resistance {unknown}

Dungeon Overview and Level Annotations

Branches:
Dungeon (7/15)             Temple (0/1) D:6

Altars:
Okawaru
Qazlal
Vehumet
Yredelemnul

##...## #.#.###
##'## #.#.# #.#
#.#.# #.# #....
##.## ###.#
##...## ..#
#.....# ###
##...##
.##.####@###.##
.........y......
.##.########.###


You could see a hornet.


Message History

😎 MP[+1]
The blast of energy engulfs something!!
Vehumet accepts your kill.
Reactivating autopickup.
You feel a bit more experienced.
Your Hexes skill increases to level 9! 😎 MP[+1] 😎 MP[+1] 😎 MP[+1]
You open the door.
There is an open door here. 😎 MP[+1]
Your mp is fully restored (25).
You open the door.
There is an open door here.
Found a stone staircase leading up.
You now have 429 gold pieces (gained 6).
Found a glowing mace.
Found an iron altar of Okawaru.
You see here a +2 mace of protection {mace}.
l - 3 potions of flight (gained 1)
B - a lumpy blue potion
C - 2 fuming dark potions
Okay, then.
Unknown command.
You open the door.
There is an open door here.
You open the door.
There is an open door here.
You open the door.
There is an open door here.
D - a scroll labelled LIDWUE TEPAZE You now have 442 gold pieces (gained 13).
There is an open door here.
A howler monkey comes into view.
The howler monkey howls!
The magic dart hits the howler monkey but does no damage. 😎 MP[-1]
You lost 1 mp, and now have 24/25 mp.
Casting: Magic Dart (safe; 1% risk of failure)
Confirm with . or Enter, or press ? or * to list all spells.
Aiming: Searing Ray (safe; 1% risk of failure)
Press: ? - help, Shift-Dir - straight line, f - you, p - howler monkey
Okay, then.
Casting: Searing Ray (safe; 1% risk of failure)
Confirm with . or Enter, or press ? or * to list all spells.
Aiming: Searing Ray (safe; 1% risk of failure)
Press: ? - help, Shift-Dir - straight line, f/p - howler monkey
Aim: a howler monkey (81% to hit)
The searing ray hits the howler monkey! (Press . to maintain the ray.)
The howler monkey hoots and howls with incredible vigour!
You hear an angry buzzing noise. 😎 MP[-2]
You lost 2 mp, and now have 22/25 mp.
The searing ray hits the howler monkey!
You kill the howler monkey!
Vehumet accepts your kill. 😎 MP[-1]
You lost 1 mp, and now have 21/25 mp.
A hornet comes into view. 😎 MP[+1]
Casting: Searing Ray (safe; 1% risk of failure)
Confirm with . or Enter, or press ? or * to list all spells.
Aiming: Searing Ray (safe; 1% risk of failure)
Press: ? - help, Shift-Dir - straight line, f - you
Okay, then.
Casting: Searing Ray (safe; 1% risk of failure)
Confirm with . or Enter, or press ? or * to list all spells.
Aiming: Searing Ray (safe; 1% risk of failure)
Press: ? - help, Shift-Dir - straight line, f - hornet
Aim: a hornet (74% to hit)
The searing ray hits the hornet! (Press . to maintain the ray.) 😎 MP[-2]
You lost 2 mp, and now have 20/25 mp.
The searing ray hits the hornet!
The hornet stings you!
You suddenly lose the ability to move!
The hornet stings you!
* * * LOW HITPOINT WARNING * * *
You shrug off the repeated paralysis!
You can move again. 😨 HP[-23] MP[-1]
You take 23 damage, and now have 22/45 hp.
MASSIVE DAMAGE!! (PAUSE)
You lost 1 mp, and now have 19/25 mp.
The hornet closely misses you. 😨 MP[+1] Unknown command.
Casting: Searing Ray (safe; 1% risk of failure)
Confirm with . or Enter, or press ? or * to list all spells.
Aiming: Searing Ray (safe; 1% risk of failure)
Press: ? - help, Shift-Dir - straight line, f/p - hornet
Aim: a hornet (heavily wounded, 74% to hit)
The searing ray hits the hornet! (Press . to maintain the ray.)
The hornet stings you!
* * * LOW HITPOINT WARNING * * *
You are poisoned.
You feel yourself slow down. The hornet stings you!
You die...

Skill      XL: |  1  2  3  4  5  6  7  8  9 |
---------------+----------------------------+-----
Spellcasting   | 4 5 6 7 9 10 | 10.0
Conjurations   | 5 6 7 8 9 |  9.5
Hexes          | 2 3 5 8 9 |  9.1
Translocations | 1 2 3 |  3.0
Shields        | 1 |  1.7
Dodging        | |  2.4
Stealth        | |  2.4

Action                   |  1- 3 |  4- 6 |  7- 9 || total
-------------------------+-------+-------+-------++-------
Melee: Dagger            |       |       |     1 ||     1
 Cast: Magic Dart        |    47 |    63 |    43 ||   153
       Searing Ray       |     4 |    14 |    27 ||    45
       Iskenderun's Myst |       |       |     1 ||     1
       Fulminant Prism   |       |       |    14 ||    14
  Use: Scroll            |       |     7 |     7 ||    14
Armor: Robe              |     6 |     4 |    16 ||    26
Dodge: Dodged            |     2 |    10 |    14 ||    26

Levels and vault maps discovered:
D:1:      lemuel_arrival_hallway, layout_basic, corexii_hall_statues_x
D:2:      layout_basic, ebering_ecumenical_altar_sacrificial, uniq_jessica
D:3:      layout_rooms
D:4:      minmay_clustersquares, layout_loops_ring, kennysheep_little_box
D:5:      layout_loops_ring, mainiacjoe_overflow_chevrons
D:6:      layout_basic, vehumet_statue, minmay_temple_entry_butterflies,
          minmay_divided_ellipse
D:7:      layout_loops_corners, okawaru_ov_weapons_minmay, minmay_small_thing

Notes
Turn   | Place    | Note
-------+----------+-------------------------------------------
     0 | D:1      | Sobieck the Deep Elf Conjurer began the quest for the Orb.
     0 | D:1      | Reached XP level 1. HP: 10/10 MP: 6/6
     0 | D:1      | magus.rc [v1.9.6]
   333 | D:1      | You pick up a book of Conjurations {@e2} and begin
                  | reading...
   349 | D:1      | Reached XP level 2. HP: 15/15 MP: 4/8
   388 | D:1      | Learned a level 2 spell: Searing Ray
   847 | D:1      | Reached skill level 4 in Spellcasting
  1239 | D:2      | Reached skill level 5 in Conjurations
  1239 | D:2      | Reached XP level 3. HP: 19/19 MP: 6/10
  1396 | D:2      | Found a faded altar of an unknown god.
  1879 | D:2      | Noticed Jessica
  1887 | D:2      | Killed Jessica
  2084 | D:3      | Reached XP level 4. HP: 24/24 MP: 6/12
  2090 | D:2      | Learned a level 3 spell: Dazzling Flash
  2095 | D:2      | Learned a level 4 spell: Fulminant Prism
  2446 | D:3      | You pick up a book of Burglary and begin reading...
  2446 | D:3      | You add the spells Passwall, Swiftness and Invisibility to
                  | your library.
  2508 | D:3      | Reached skill level 1 in Hexes
  2612 | D:3      | Reached skill level 5 in Spellcasting
  2868 | D:4      | Identified the +4 scale mail "Iraebb" {Int+2 Dex+4}
  3152 | D:4      | Reached skill level 2 in Hexes
  3152 | D:4      | Reached XP level 5. HP: 17/28 MP: 8/15
  3161 | D:4      | Learned a level 4 spell: Iskenderun's Mystic Blast
  3434 | D:4      | Reached skill level 6 in Conjurations
  3441 | D:4      | Noticed a black bear
  3459 | D:4      | Reached skill level 1 in Translocations
  3459 | D:4      | Reached XP level 6. HP: 32/32 MP: 8/16
  3530 | D:4      | Reached skill level 6 in Spellcasting
  3530 | D:4      | Reached skill level 3 in Hexes
  3656 | D:4      | Reached skill level 2 in Translocations
  3747 | D:4      | HP: 5/32 [black bear (5)]
  3749 | D:4      | Reached XP level 7. HP: 6/36 MP: 13/18
  4081 | D:4      | You pick up a book of Debilitation and begin reading...
  4081 | D:4      | You add the spells Slow, Vampiric Draining and Confusing
                  | Touch to your library.
  4091 | D:4      | Found a stormy altar of Qazlal.
  4346 | D:5      | Entered Level 5 of the Dungeon
  4762 | D:5      | Reached skill level 4 in Hexes
  4814 | D:5      | Reached skill level 3 in Translocations
  5001 | D:5      | Found a basalt altar of Yredelemnul.
  5237 | D:6      | Reached skill level 7 in Spellcasting
  5237 | D:6      | Reached skill level 7 in Conjurations
  5378 | D:6      | Reached skill level 5 in Hexes
  5385 | D:6      | You pick up a book of Weapons and begin reading...
  5385 | D:6      | You add the spells Portal Projectile, Excruciating Wounds
                  | and Blade Hands to your library.
  5444 | D:6      | Reached XP level 8. HP: 13/41 MP: 2/21
  5722 | D:6      | Reached skill level 6 in Hexes
  5857 | D:6      | Reached skill level 8 in Spellcasting
  5962 | D:6      | Found a radiant altar of Vehumet.
  6014 | D:6      | Became a worshipper of Vehumet
  6191 | D:6      | Reached skill level 8 in Conjurations
  6384 | D:6      | Noticed a two-headed ogre
  6408 | D:6      | Killed a two-headed ogre
  6409 | D:6      | Reached skill level 9 in Spellcasting
  6409 | D:6      | Reached skill level 8 in Hexes
  6409 | D:6      | Reached XP level 9. HP: 35/45 MP: 5/24
  6571 | D:6      | Reached skill level 9 in Conjurations
  6603 | D:6      | Reached skill level 10 in Spellcasting
  6782 | D:6      | Found a staircase to the Ecumenical Temple.
  7233 | D:7      | Reached skill level 1 in Shields
  7323 | D:7      | Reached skill level 9 in Hexes
  7427 | D:7      | Found an iron altar of Okawaru.
  7632 | D:7      | Paralysed by a hornet for 1 turns
  7634 | D:7      | HP: 10/45 [hornet (12)]
  7634 | D:7      | Slain by a hornet

Vanquished Creatures
  A two-headed ogre (D:6)
  A shadow (D:7)
  A water moccasin (D:6)
  2 black bears
  An ice beast (D:6)
  A sky beast (D:6)
  A hornet zombie (D:6)
  A necrophage (D:4)
  An ogre (D:5)
  2 phantoms (D:6)
  3 scorpions
  3 bullfrogs
  A gnoll sergeant (D:5)
  2 jellies
  2 howler monkeys
  A centaur zombie (D:6)
  2 bullfrog zombies (D:6)
  4 hounds
  An orc priest (D:5)
  A centaur skeleton (D:6)
  A gnoll shaman (D:6)
  Jessica (D:2)
  2 iguanas
  A statue (D:6)
  2 killer bee zombies (D:6)
  A hound skeleton (D:4)
  6 gnolls
  10 adders
  A white imp (D:7)
  2 ufetubi
  3 worms
  2 dart slugs (D:3)
  3 orcs
  7 endoplasms
  7 goblins
  8 hobgoblins
  4 jackals (D:1)
  10 kobolds
  2 quokkas
  7 ball pythons
  6 bats
  4 rats
  A butterfly (D:6)
123 creatures vanquished.

Vanquished Creatures (others)
  14 fulminant prisms
14 creatures vanquished.

Grand Total: 137 creatures vanquished

Table legend:
 A = Non-vault XP
 B = Vault XP
 C = Vault XP percentage of total XP
 D = Non-vault monster count
 E = Vault monster count
 F = Vault count percentage of total count
                 A         B        C        D         E       F
            +---------+---------+-------+---------+---------+-------
      Total |    2250 |    2035 |  47.5 |      96 |      26 |  21.3
            +---------+---------+-------+---------+---------+-------
        D:1 |      37 |       0 |   0.0 |      22 |       0 |   0.0
        D:2 |      22 |      37 |  62.7 |       7 |       1 |  12.5
        D:3 |      62 |       0 |   0.0 |      17 |       0 |   0.0
        D:4 |     204 |     399 |  66.2 |      18 |      11 |  37.9
        D:5 |     298 |       0 |   0.0 |      10 |       0 |   0.0
        D:6 |    1154 |    1599 |  58.1 |      17 |      14 |  45.2
        D:7 |     473 |       0 |   0.0 |       5 |       0 |   0.0
            +---------+---------+-------+---------+---------+-------

Illustrated notes

Table legend:
 A = Kills in this place as a percentage of kills in entire the game.
 B = Kills by you in this place as a percentage of kills by you in the entire game.
 C = Kills by friends in this place as a percentage of kills by friends in the entire game.
 D = Other kills in this place as a percentage of other kills in the entire game.
 E = Experience gained in this place as a percentage of experience gained in the entire game.
 F = Experience gained in this place divided by the number of levels of this place that you have seen.
                   A       B       C       D       E      F
               +-------+-------+-------+-------+-------+----------------------
         Total | 100.0 | 100.0 |   N/A |   N/A | 100.0 | 612.1
       Dungeon | 100.0 | 100.0 |   N/A |   N/A | 100.0 | 612.1
               +-------+-------+-------+-------+-------+----------------------

Table legend: (Time is in decaauts)
 A = Elapsed time spent in this place.
 B = Non-inter-level travel time spent in this place.
 C = Inter-level travel time spent in this place.
 D = Time resting spent in this place.
 E = Time spent auto-exploring this place.
 F = Levels seen in this place.
 G = Mean time per level.
                   A        B        C        D        E       F      G
               +--------+--------+--------+--------+--------+-----+--------+
         Total |   7638 |   7343 |    295 |   1718 |   4838 |   7 | 1091.1 |
       Dungeon |   7638 |   7343 |    295 |   1718 |   4838 |   7 | 1091.1 |
               +--------+--------+--------+--------+--------+-----+--------+

Top non-repeatable levels by time:
     D:6: 2017 daAuts
     D:4: 1449 daAuts
     D:1: 1256 daAuts
     D:2: 864 daAuts
     D:5: 841 daAuts
     D:3: 779 daAuts
     D:7: 429 daAuts
